 Dungeon Crawl Stone Soup version 0.23.2-33-g5129a83184 (webtiles) character file.

Game seed: 1475890243801234229

5653 H0rd4k the Thaumaturge (level 10, -14/52 HPs)
             Began as a Deep Elf Wizard on June 28, 2019.
             Was an Elder of Sif Muna.
             Shot with an arrow by a centaur warrior (25 damage)
             ... on level 9 of the Dungeon.
             The game lasted 00:38:47 (12767 turns).

H0rd4k the Thaumaturge (Deep Elf Wizard)           Turns: 12767, Time: 00:38:48

Health: -14/52     AC:  2    Str:  4    XL:     10   Next: 46%
Magic:  29/38      EV: 14    Int: 27    God:    Sif Muna [****..]
Gold:   532        SH:  0    Dex: 13    Spells: 22/35 levels left

rFire    . . .     SeeInvis +   J - +6 hand axe of Cataclysm {vamp, rC+ MR+}
rCold    + . .     Gourm    .   (no shield)
rNeg     . . .     Faith    .   a - +0 robe
rPois    .         Spirit   .   b - +0 hat
rElec    .         Reflect  .   (no cloak)
rCorr    .         Harm     .   (no gloves)
MR       ++...                  (no boots)
Stlth    +++.......             (no amulet)
HPRegen  0.17/turn              i - ring of magical power
MPRegen  0.26/turn              r - ring of see invisible

@: no status effects
A: no striking features
a: Divine Energy, Channel Magic, Forget Spell, Renounce Religion


You were on level 9 of the Dungeon.
You worshipped Sif Muna.
Sif Muna was greatly pleased with you.
You were not hungry.

You visited 2 branches of the dungeon, and saw 10 of its levels.

You collected 532 gold pieces.

Inventory:

Hand Weapons
 E - a +0 dagger of venom
 J - the +6 hand axe of Cataclysm (weapon) {vamp, rC+ MR+}
   (You took it off a centaur on level 8 of the Dungeon)

   It inflicts no extra harm, but heals its wielder when it wounds a living foe.
   It protects you from cold.
   It affects your resistance to hostile enchantments.
Armour
 a - a +0 robe (worn)
 b - a +0 hat (worn)
Jewellery
 i - a ring of magical power (left hand)
 r - a ring of see invisible (right hand)
 w - a +4 ring of evasion
 y - a +3 ring of strength
 G - an uncursed ring of poison resistance {unknown}
Wands
 B - a wand of paralysis (1)
 H - a wand of flame (21)
Scrolls
 e - a scroll of noise {unknown}
 f - 2 scrolls of magic mapping
 h - 2 scrolls of random uselessness
 j - 4 scrolls of teleportation
 k - 6 scrolls of identify
 m - a scroll of enchant armour {unknown}
 n - 3 scrolls of remove curse
 o - 3 scrolls of blinking
 q - a scroll of fear
 x - a scroll of enchant weapon {unknown}
 z - a scroll of immolation {unknown}
 D - a scroll of vulnerability {unknown}
Potions
 c - a potion of haste
 g - 3 potions of ambrosia
 l - 2 potions of lignification
 p - a potion of cancellation {unknown}
 t - 3 potions of invisibility
 u - 2 potions of magic {unknown}
 v - a potion of mutation {unknown}
 A - 5 potions of agility {unknown}
 C - 2 potions of flight {unknown}
 F - 2 potions of degeneration {unknown}
Comestibles
 d - 7 rations
 s - 4 chunks of flesh


   Skills:
 + Level 1.2 Fighting
 + Level 4.9 Dodging
 + Level 4.9 Stealth
 + Level 13.3 Spellcasting
 + Level 10.3 Conjurations
 + Level 1.2 Charms
   Level 1.1 Summonings
 + Level 2.9 Translocations
 + Level 3.5 Fire Magic
 + Level 2.4 Ice Magic
 + Level 1.2 Evocations


You had 22 spell levels left.
You knew the following spells:

 Your Spells              Type           Power        Failure   Level  Hunger
a - Magic Dart            Conj           ####         1%          1    None
b - Blink                 Tloc           N/A          1%          2    None
c - Conjure Flame         Conj/Fire      ######..     1%          3    None
d - Ozocubu's Armour      Chrm/Ice       ####....     4%          3    None
e - Throw Icicle          Conj/Ice       ######..     2%          4    None

Your spell library contained the following spells:

 Spells                   Type           Power        Failure   Level  Hunger
 Freeze                   Ice            ####         1%          1    None
 Throw Frost              Conj/Ice       ######       1%          2    None
 Mephitic Cloud           Conj/Pois/Air  #####...     2%          3    None
 Call Imp                 Summ           ###.....     3%          2    None
 Slow                     Hex            ###.....     4%          2    None
 Summon Ice Beast         Ice/Summ       ####....     14%         4    None


Dungeon Overview and Level Annotations

Branches:
Dungeon (9/15)             Temple (1/1) D:5            Lair (0/6) D:8
    Orc: D:9-12

Altars:
Ashenzari
Cheibriados
Dithmenos
Elyvilon
Fedhas
Gozag
Hepliaklqana
Kikubaaqudgha
Makhleb
Nemelex Xobeh
Okawaru
Qazlal
Ru
Sif Muna
Trog
Uskayaw
Vehumet
Wu Jian
Xom
Yredelemnul
Zin
The Shining One

Shops:
D:6 %

Annotations:
D:3 exclusion: downstairs
D:5 exclusion: downstairs, Sigmund
D:6 exclusion: 2 downstairs
D:7 exclusion: 2 downstairs
D:8 Erica


Message History

The centaur warrior is too close now for your liking.
Casting: Conjure Flame (safe; 1% risk of failure)
Confirm with . or Enter, or press ? or * to list all spells.
Aiming: Throw Icicle (safe; 2% risk of failure)
Press: ? - help, Shift-Dir - straight line, f - centaur warrior
Aim: a centaur warrior, wielding a +0 longbow The shard of ice hits the centaur warrior!
The centaur warrior is lightly wounded.
The centaur warrior shoots an arrow.
The arrow closely misses you.
The centaur warrior shoots an arrow.
The arrow hits you!
* * * LOW HITPOINT WARNING * * *
You see here 5 arrows.
Casting: Throw Icicle (safe; 2% risk of failure)
Confirm with . or Enter, or press ? or * to list all spells.
Aiming: Throw Icicle (safe; 2% risk of failure)
Press: ? - help, Shift-Dir - straight line, f/p - centaur warrior
Aim: a centaur warrior, wielding a +0 longbow (lightly wounded)
The shard of ice misses the centaur warrior.
The centaur warrior shoots an arrow.
The arrow hits you!!
You die...

#≈.##.########
#.###.#......#
#.###.#.####.####
#..............[######
#.#.#.#..###.........#
##.#.#.#.........####.#
#....#.#.#######.# #.#####
.######......#.###
###.####......
c....c(........§@#
#.....########
.######......#c#(###.###.###
#..#..##.#(....# #...#
#........#####.###.#.#
#.##..#### #.....#.#
#.##..##########.###.#
#.##.............###.#
#.###÷##########.....#
#..##.###### ####..#


You could see a centaur warrior.

Vanquished Creatures
  Pikel (D:5)
  2 trolls (D:9)
  2 hippogriffs
  A water moccasin (D:8)
  2 black bears (D:8)
  4 orc warriors (D:7)
  A slave (D:5)
  A necrophage (D:7)
  2 ice beasts
  A phantom (D:9)
  3 ogres
  4 centaurs
  A crocodile (D:9)
  2 bullfrogs
  A gnoll sergeant (D:8)
  2 scorpions
  11 killer bees
  2 crimson imps (D:6)
  A centaur zombie (D:7)
  8 hounds
  3 jellies (D:9)
  A bullfrog zombie (D:7)
  9 orc priests
  5 bullfrog skeletons
  10 orc wizards
  A centaur skeleton (D:5)
  3 iguanas
  11 worker ants
  A hound zombie (D:8)
  A mummy (D:7)
  A howler monkey zombie (D:7)
  A worker ant zombie (D:5)
  12 gnolls
  10 adders
  7 oozes
  An adder skeleton (D:7)
  4 worms
  2 dart slugs
  9 leopard geckos
  40 orcs
  7 bats
  7 giant cockroaches
  6 goblins
  11 hobgoblins
  14 jackals
  6 kobolds
  3 quokkas
  6 frilled lizards
  A jackal zombie (D:6)
  A quokka skeleton (D:5)
  4 rats
250 creatures vanquished.

Notes
Turn   | Place    | Note
-------+----------+-------------------------------------------
     0 | D:1      | H0rd4k the Deep Elf Wizard began the quest for the Orb.
     0 | D:1      | Reached XP level 1. HP: 10/10 MP: 7/7
     3 | D:1      | Noticed an electric eel
     3 | D:1      | Noticed an electric eel
   364 | D:1      | Reached XP level 2. HP: 10/15 MP: 2/9
   376 | D:1      | Reached skill level 5 in Spellcasting
  1023 | D:2      | Reached XP level 3. HP: 10/19 MP: 6/12
  1027 | D:2      | Learned a level 2 spell: Blink
  1031 | D:2      | Learned a level 3 spell: Conjure Flame
  2030 | D:3      | Reached XP level 4. HP: 20/24 MP: 13/13
  2283 | D:3      | Reached skill level 6 in Spellcasting
  2289 | D:3      | Reached skill level 1 in Fire Magic
  2495 | D:3      | Reached XP level 5. HP: 8/28 MP: 14/15
  3387 | D:4      | Reached XP level 6. HP: 33/33 MP: 17/17
  3585 | D:4      | Noticed a hippogriff
  3623 | D:4      | Killed a hippogriff
  3623 | D:4      | Reached skill level 7 in Spellcasting
  3884 | D:4      | Found a sacrificial altar of Ru.
  3907 | D:4      | Reached XP level 7. HP: 37/37 MP: 19/20
  4416 | D:4      | Reached skill level 5 in Conjurations
  4421 | D:4      | Reached skill level 8 in Spellcasting
  4615 | D:5      | Entered Level 5 of the Dungeon
  4735 | D:5      | Found a staircase to the Ecumenical Temple.
  4748 | Temple   | Entered the Ecumenical Temple
  4897 | Temple   | Became a worshipper of Sif Muna the Loreminder
  5079 | D:5      | Found an iron altar of Okawaru.
  5157 | D:5      | Found an iron altar of Okawaru.
  5213 | D:5      | Noticed Sigmund
  5406 | D:5      | Noticed Pikel
  5530 | D:5      | Killed Pikel
  5530 | D:5      | Reached * piety under Sif Muna
  5530 | D:5      | Reached skill level 1 in Fighting
  5530 | D:5      | Reached skill level 9 in Spellcasting
  5530 | D:5      | Reached XP level 8. HP: 19/43 MP: 10/23
  5874 | D:5      | Found a white marble altar of Elyvilon.
  5926 | D:5      | Found a basalt altar of Yredelemnul.
  6647 | D:6      | Reached skill level 10 in Spellcasting
  7262 | D:6      | Found a radiant altar of Vehumet.
  7308 | D:6      | HP: 1/43 [centaur/arrow (7)]
  7325 | D:6      | Found a hide-covered altar of Uskayaw.
  7602 | D:6      | Found Guaceq's Food Boutique.
  7607 | D:6      | Found a shadowy altar of Dithmenos.
  7932 | D:7      | Reached ** piety under Sif Muna
  7973 | D:7      | Reached XP level 9. HP: 31/47 MP: 25/25
  8235 | D:7      | Reached skill level 11 in Spellcasting
  8378 | D:7      | HP: 2/47 [centaur/arrow (16)]
  9402 | D:7      | Reached skill level 1 in Evocations
  9408 | D:7      | Reached skill level 12 in Spellcasting
  9824 | D:7      | Reached *** piety under Sif Muna
 10215 | D:7      | Learned a level 3 spell: Ozocubu's Armour
 10220 | D:7      | Learned a level 4 spell: Throw Icicle
 10260 | D:8      | Reached skill level 1 in Charms
 10424 | D:7      | Reached skill level 1 in Ice Magic
 10748 | D:8      | Identified the +6 hand axe of Cataclysm {vamp, rC+ MR+}
 10775 | D:8      | Reached XP level 10. HP: 52/52 MP: 8/28
 10777 | D:8      | Noticed Erica
 11266 | D:8      | Found a staircase to the Lair.
 11605 | D:9      | Reached skill level 13 in Spellcasting
 11911 | D:9      | Reached **** piety under Sif Muna
 12233 | D:9      | Reached skill level 10 in Conjurations
 12291 | D:9      | Found a deep blue altar of Sif Muna.
 12742 | D:9      | Noticed a centaur warrior
 12767 | D:9      | Shot with an arrow by a centaur warrior

Skill      XL: |  1  2  3  4  5  6  7  8  9 10 |
---------------+-------------------------------+-----
Spellcasting   | 5 6 7 9 10 12 13 | 13.3
Conjurations   | 2 3 4 6 7 9 10 | 10.3
Fire Magic     | 1 2 3 |  3.5
Dodging        | 3 4 |  4.9
Stealth        | 3 4 |  4.9
Fighting       | 1 |  1.2
Translocations | 2 |  2.9
Evocations     | 1 |  1.2
Charms         | 1 |  1.2
Ice Magic      | 1 2 |  2.4
Summonings     | |  1.1

Action                   |  1- 3 |  4- 6 |  7- 9 | 10-12 || total
-------------------------+-------+-------+-------+-------++-------
 Cast: Magic Dart        |   131 |   176 |   566 |    37 ||   910
       Conjure Flame     |       |     7 |    41 |     9 ||    57
       Blink             |       |     1 |     5 |     3 ||     9
       Throw Icicle      |       |       |    17 |    60 ||    77
       Ozocubu's Armour  |       |       |       |     1 ||     1
Evoke: Wand              |       |       |     4 |     4 ||     8
  Use: Scroll            |       |     8 |     1 |     1 ||    10
       Potion            |       |       |       |     3 ||     3
  Eat: Chunk             |     3 |     5 |    18 |     5 ||    31
       Ration            |       |       |     1 |     2 ||     3
Armor: Robe              |     6 |     5 |     3 |     2 ||    16
       Skin              |       |       |       |     1 ||     1
Dodge: Dodged            |    18 |    28 |    52 |    22 ||   120
